cohdb
Replays
Latest Replays
All Replays
Popular Replays
Top Player Replays
Match Explorer
How It Works
Community
CoH3 Stats
Reddit
Sign in to upload your games and track your stats! →
Sign in with Steam
Match 41592621
Unlisted
Match 41592621
Overview
Messages
Build Orders
End
Selects Australian Defense Battlegroup
Selects Australian Light Infantry Section
Australian Light Infantry Section
Royal Engineer Section
Construct Section Command Post
Infantry Section
Construct Platoon Command Post
Australian Light Infantry Section
Selects Defensive Tactics
Construct Company Command Post
Selects Hold the Line!
Foot Guards Section
Selects CMP 15cwt Supply Run
Selects Artillery Trip Wire Flares
Australian Light Infantry Section
Turamarth
Tordu Génial
Emilioboka
Gulag
PZ
ROGUE ONE
Lee
AR.193
0
0
Comments
sign in to comment!
No comments posted yet!